 Dungeon Crawl Stone Soup version 0.16-a0-3029-g57b17b4 (webtiles) character file.

35 Kemay the Insei (level 3, 0/23 HPs)
             Began as an Octopode Transmuter on Dec 8, 2014.
             Slain by a goblin (1 damage)
             ... on level 2 of the Dungeon.
             The game lasted 00:02:47 (1157 turns).

Kemay the Insei (Octopode Transmuter)               Turns: 1157, Time: 00:02:47

Health: 0/23       AC:  1    Str:  9    XL:     3   Next: 33%
Magic:  5/6        EV: 12    Int: 16    God:
Gold:   39         SH:  0    Dex: 12    Spells: 1 memorised, 5 levels left

rFire  . . .     SeeInvis .       - Unarmed
rCold  . . .     Clarity  .     (no shield)
rNeg   . . .     SustAb   .     (helmet restricted)
rPois  .         Gourm    .     (no amulet)
rElec  .         Spirit   .     (no ring)
rCorr  .         Warding  .     (no ring)
rMut   .         Stasis   .     (no ring)
MR     .....                    (no ring)
Stlth  ++........               (no ring)
                                (no ring)
                                (no ring)
                                (no ring)

@: lethally poisoned, appendage, very slightly contaminated, not resistant to
hostile enchantments, unstealthy
A: almost no armour, amphibious, 8 rings, constrict 8, tentacle spike 3,
camouflage 1, gelatinous body 1
a: End Transformation


You were on level 2 of the Dungeon.
You were not hungry.
One of your tentacles had a temporary spike.
You visited 1 branch of the dungeon, and saw 2 of its levels.

You collected 39 gold pieces.

Inventory:

Missiles
 c - 51 stones (quivered)
Scrolls
 e - a scroll of teleportation
Potions
 f - a potion of magic
Books
 d - a book of Changes

   Spells                             Type                      Level
   a - Beastly Appendage              Transmutation                1
   b - Sticks to Snakes               Transmutation                2
   c - Spider Form                    Transmutation/Poison         3
   d - Ice Form                       Ice/Transmutation            4
   e - Blade Hands                    Transmutation                5
Comestibles
 a - 3 bread rations
 b - a chunk of flesh
 g - a meat ration
 h - a beef jerky


   Skills:
 - Level 1.0 Fighting
 - Level 2.0 Dodging
 + Level 4.3 Unarmed Combat
 - Level 2.0 Spellcasting
 - Level 2.0 Transmutations


You had 5 spell levels left.
You knew the following spells:

 Your Spells              Type           Power        Failure   Level  Hunger
a - Beastly Appendage     Trmt           #.....       10%         1    #......


Dungeon Overview and Level Annotations

Branches:
Dungeon (2/15)

Altars:


Innate Abilities, Weirdness & Mutations

You cannot wear most types of armour.
You are amphibious.
You can wear up to eight rings at the same time.
You can use your tentacles to constrict many enemies at once.
Your skin changes colour to match your surroundings (Stealth).
Your rubbery body absorbs attacks (AC +1).
One of your tentacles bears a large vicious spike.


Message History

The quokka bites you but does no damage.
You tentacle-slap the quokka. You grab the quokka.
You pierce the quokka.
The quokka is severely wounded.
You constrict the quokka, but do no damage.
The goblin hits you. The quokka bites you.
You tentacle-slap the quokka.
You kill the quokka!
The goblin hits you.
* * * LOW HITPOINT WARNING * * *
You tentacle-slap the adder. Your grab misses the adder.
The adder is heavily wounded.
The adder barely misses you. The goblin barely misses you. The adder bites you.
* * * LOW HITPOINT WARNING * * *
You are lethally poisoned!
The adder poisons you!
You bludgeon the adder!
You kill the adder!
* * * LOW HITPOINT WARNING * * *
You feel sick. The goblin hits you.
You die...

.. ...# #. ...# ... ...#
#. #..# ...###..#
##.###..##### #..)...#
#...#...#...# #......#
#.#...#...#.# #......#
#...#...#...# #......#
##.###.###...
#......#####...#...#...#
#.#...#@.....#...#...#.#
####g#####...#...#...#
#.# ##.###.###... #.#
#...#...#.... #.#
#.#...#...#.# #.#
#.......#...# #.#
####.#.##..## #.
#...##.### . ###.......


You could see a goblin.

Vanquished Creatures
  An adder (D:2)
  A worm (D:2)
  A giant gecko (D:1)
  3 hobgoblins
  5 kobolds
  3 bats (D:1)
  2 giant newts (D:1)
  4 goblins
  A quokka (D:2)
21 creatures vanquished.

Notes
Turn   | Place    | Note
--------------------------------------------------------------
     0 | D:1      | Kemay, the Octopode Transmuter, began the quest for the Orb.
     0 | D:1      | Reached XP level 1. HP: 13/13 MP: 3/3
   559 | D:1      | Reached XP level 2. HP: 16/18 MP: 2/4
  1095 | D:2      | Reached skill level 4 in Unarmed Combat
  1095 | D:2      | Reached XP level 3. HP: 23/23 MP: 4/6
  1157 | D:2      | HP: 1/23 [poisoned by an adder]
  1157 | D:2      | Slain by a goblin

Action                   || total
-------------------------++-------
Melee: Unarmed           ||    49
 Cast: Beastly Appendage ||    14
 Abil: End Transformatio ||     2
  Use: Scroll            ||     5
       Potion            ||     1
 Stab: Sleeping          ||     4
  Eat: Chunk             ||     1
